 Dungeon Crawl Stone Soup version 0.23.2-11-gf996548 (webtiles) character file.

Game seed: 11779973368406078755

4746 Fang the Fighter (level 10, -6/97 HPs)
             Began as a Gargoyle Berserker on June 3, 2019.
             Was a High Priest of Trog.
             Mangled by a death yak (15 damage)
             ... on level 9 of the Dungeon.
             The game lasted 00:09:14 (7543 turns).

Fang the Fighter (Gargoyle Berserker)               Turns: 7543, Time: 00:09:14

Health: -6/97      AC: 26    Str: 30    XL:     10   Next: 46%
Magic:  10/10      EV: 10    Int:  7    God:    Trog [*****.]
Gold:   360        SH:  0    Dex:  9    Spells: 9/9 levels left

rFire    . . .     SeeInvis .   a - +0 war axe
rCold    + . .     Gourm    +   (no shield)
rNeg     + . .     Faith    .   b - +0 plate armour
rPois    ∞         Spirit   .   (no helmet)
rElec    +         Reflect  .   (no cloak)
rCorr    .         Harm     .   v - +2 pair of gloves
MR       .....                  (no boots)
Stlth    ..........             m - amulet of the gourmand
HPRegen  0.26/turn              e - ring of protection from cold
MPRegen  0.12/turn              y - +2 ring of protection

@: berserking, very quick
A: negative energy resistance 1, electricity resistance, unbreathing,
petrification resistance, rot immunity, AC +7
a: Berserk, Trog's Hand, Brothers in Arms, Renounce Religion


You were on level 9 of the Dungeon.
You worshipped Trog.
Trog was extremely pleased with you.
You were not hungry.

You visited 2 branches of the dungeon, and saw 10 of its levels.

You collected 360 gold pieces.

Inventory:

Hand Weapons
 a - a +0 war axe (weapon)
Armour
 b - a +0 plate armour (worn)
 v - a +2 pair of gloves (worn)
Jewellery
 d - an uncursed ring of flight
 e - a ring of protection from cold (left hand)
 f - an uncursed amulet of the acrobat
 k - a +2 ring of intelligence
 m - an amulet of the gourmand (around neck)
 y - a +2 ring of protection (right hand)
Wands
 t - a wand of acid (7)
 B - a wand of polymorph (7)
Scrolls
 h - 2 scrolls of blinking
 l - 2 scrolls of remove curse
 n - 2 scrolls of teleportation
 z - 4 scrolls of fog
Potions
 i - 2 potions of heal wounds {unknown}
 j - 4 potions of haste
 o - 2 potions of degeneration {unknown}
 p - 3 potions of brilliance {unknown}
 q - 2 potions of curing {unknown}
 r - a potion of mutation {unknown}
 s - 2 potions of flight {unknown}
 u - 2 potions of might {unknown}
 w - a potion of agility {unknown}
 A - a potion of lignification {unknown}
Comestibles
 c - 6 rations


   Skills:
 + Level 8.9 Fighting
 + Level 7.5 Axes
 + Level 8.5 Armour
 + Level 6.4 Dodging


You had 9 spell levels left.
You didn't know any spells.
Your spell library was empty.

Dungeon Overview and Level Annotations

Branches:
Dungeon (9/15)             Temple (1/1) D:7
   Lair: D:8-11         Orc: D:9-12

Altars:
Elyvilon
Fedhas
Gozag
Hepliaklqana
Kikubaaqudgha
Okawaru
Uskayaw
Xom
The Shining One

Shops:
D:6 !


Innate Abilities, Weirdness & Mutations

You are resistant to torment.
Your stone body is resilient. (AC +7)
You are immune to poison.
You resist negative energy. (rN+)
You are resistant to electric shocks. (rElec)
You can survive without breathing.
You are immune to petrification.
You are immune to rotting.


Message History

The death yak gores you.
You slice the death yak!!
The death yak is severely wounded.
Your plate armour prevents you from hitting the death yak.
You hit the death yak but do no damage.
The death yak is severely wounded.
You hit the death yak. The death yak gores you! The death yak gores you.
* * * LOW HITPOINT WARNING * * *
You hit the death yak.
The death yak is almost dead.
You barely miss the death yak. The death yak gores you!
* * * LOW HITPOINT WARNING * * *
The death yak gores you!
* * * LOW HITPOINT WARNING * * *
You slash the death yak!
The death yak is almost dead.
You hit the death yak.
The death yak gores you but does no damage.
The death yak gores you!
You die...

.......#.# ... .....
... ... ......... .. ##
........... #.
......#.#. #. .......Y.
#. ......YY# #.
#.#+##@##### #.
#..........## ##
#..#.#.#.#..##########.
##..................##.
#.#.#.#.#..#######.##.
#..........# #.###
#.#.#.#.#..# #.###
#..........# #....
#.#.#.#.#..# #####


You could see 3 death yaks.

Vanquished Creatures
  A two-headed ogre (D:8)
  2 hippogriffs
  Sigmund (D:3)
  A hungry ghost (D:9)
  A porcupine (D:9)
  2 orc warriors (D:8)
  2 sky beasts (D:5)
  3 ice beasts
  2 ogres
  A phantom (D:4)
  5 centaurs
  A crocodile (D:8)
  A bullfrog (D:7)
  A wyvern zombie (D:9)
  A gnoll sergeant (D:8)
  2 scorpions (D:5)
  4 killer bees (D:8)
  3 wights (D:7)
  10 howler monkeys
  2 crimson imps
  4 hounds
  2 jellies
  Crazy Yiuf (D:4)
  3 bullfrog skeletons
  An iguana (D:7)
  9 orc wizards
  Natasha (D:3)
  5 worker ants
  4 gnolls (D:8)
  8 adders
  A howler monkey skeleton (D:5)
  A river rat (D:9)
  2 oozes
  5 worms
  3 dart slugs
  3 leopard geckos
  28 orcs
  A ball python (D:2)
  7 giant cockroaches
  10 goblins
  10 hobgoblins
  11 jackals
  3 quokkas
  6 bats
  5 frilled lizards
  5 kobolds
  A leopard gecko skeleton (D:4)
  5 rats
191 creatures vanquished.

Notes
Turn   | Place    | Note
-------+----------+-------------------------------------------
     0 | D:1      | Fang the Gargoyle Berserker began the quest for the Orb.
     0 | D:1      | Reached XP level 1. HP: 14/14 MP: 1/1
   171 | D:1      | Reached XP level 2. HP: 16/19 MP: 2/2
   409 | D:1      | Reached XP level 3. HP: 23/23 MP: 3/3
   857 | D:2      | Found an opulent altar of Gozag.
   902 | D:2      | Reached ** piety under Trog
  1061 | D:2      | Reached XP level 4. HP: 29/29 MP: 4/4
  1282 | D:3      | Noticed Sigmund
  1297 | D:3      | Killed Sigmund
  1297 | D:3      | Reached XP level 5. HP: 26/34 MP: 5/5
  1297 | D:3      | Reached XP level 6. HP: 29/39 MP: 6/6
  1820 | D:3      | Noticed Natasha
  1842 | D:3      | Killed Natasha
  2936 | D:4      | Reached *** piety under Trog
  2963 | D:4      | Reached skill level 5 in Fighting
  2964 | D:4      | Reached XP level 7. HP: 27/44 MP: 7/7
  3212 | D:4      | Found a runed translucent door.
  3213 | D:4      | Noticed Crazy Yiuf
  3744 | D:4      | Killed Crazy Yiuf
  3825 | D:5      | Entered Level 5 of the Dungeon
  3853 | D:5      | Reached skill level 5 in Armour
  3907 | D:5      | Reached XP level 8. HP: 51/51 MP: 8/8
  4003 | D:5      | Found a hide-covered altar of Uskayaw.
  4009 | D:5      | Found a hazy altar of Hepliaklqana.
  4009 | D:5      | Found a shimmering altar of Xom.
  4053 | D:5      | Reached skill level 5 in Axes
  4064 | D:5      | Found a white marble altar of Elyvilon.
  5246 | D:6      | Found Cuott's Distillery.
  5292 | D:6      | Reached **** piety under Trog
  5304 | D:6      | Reached XP level 9. HP: 56/56 MP: 9/9
  5658 | D:7      | Reached skill level 5 in Dodging
  5763 | D:7      | Found a blossoming altar of Fedhas.
  5803 | D:7      | Found a staircase to the Ecumenical Temple.
  5840 | Temple   | Entered the Ecumenical Temple
  5895 | D:7      | Paralysed by a centaur for 4 turns
  5904 | D:7      | Paralysed by a centaur for 2 turns
  5908 | D:7      | Paralysed by a centaur for 7 turns
  6641 | D:8      | Reached XP level 10. HP: 64/64 MP: 10/10
  6736 | D:8      | Reached ***** piety under Trog
  7010 | D:8      | Found an ancient bone altar of Kikubaaqudgha.
  7010 | D:8      | Noticed a two-headed ogre
  7023 | D:8      | Killed a two-headed ogre
  7024 | D:8      | Found an iron altar of Okawaru.
  7324 | D:9      | Found a glowing golden altar of the Shining One.
  7341 | D:9      | Paralysed by fainting for 12 turns
  7354 | D:9      | Paralysed by fainting for 7 turns
  7372 | D:9      | Paralysed by fainting for 8 turns
  7523 | D:9      | Noticed a death yak
  7529 | D:9      | Noticed a death yak
  7533 | D:9      | Noticed a death yak
  7543 | D:9      | Mangled by a death yak

Skill      XL: |  1  2  3  4  5  6  7  8  9 10 |
---------------+-------------------------------+-----
Axes           | 3 4 5 6 7 |  7.5
Dodging        | 2 3 4 5 6 |  6.4
Armour         | 3 4 5 6 7 8 |  8.5
Fighting       | 4 5 6 8 |  8.9

Action                   |  1- 3 |  4- 6 |  7- 9 | 10-12 || total
-------------------------+-------+-------+-------+-------++-------
Melee: Hand axe          |    93 |   210 |   512 |       ||   815
       War axe           |       |       |    66 |   136 ||   202
Invok: Berserk           |       |     2 |     6 |     2 ||    10
  Use: Scroll            |       |     2 |     4 |     3 ||     9
  Eat: Chunk             |     1 |     4 |    26 |    10 ||    41
       Ration            |       |     1 |       |     2 ||     3
Armor: Plate armour      |    51 |   145 |   518 |   138 ||   852
       Animal skin       |     1 |       |       |       ||     1
Dodge: Dodged            |    33 |    96 |   264 |    57 ||   450
